 Dungeon Crawl Stone Soup version 0.26-a0-707-g31817bcca1 (webtiles) character file.

Game seed: 8692250859738935452

5028 Gargoyl the Fighter (level 10, -5/82 HPs)
             Began as a Gnoll Abyssal Knight on Oct 27, 2020.
             Was a Priest of Lugonu.
             Slain by an eight-headed hydra (8 damage)
             ... on level 7 of the Dungeon.
             The game lasted 00:13:12 (11142 turns).

Gargoyl the Fighter (Gnoll Abyssal Knight)         Turns: 11142, Time: 00:13:13

Health: -5/82      AC: 10    Str: 21    XL:     10   Next: 55%
Magic:  0/18       EV: 14    Int: 15    God:    Lugonu [***...]
Gold:   415        SH:  0    Dex: 17    Spells: 19/19 levels left

rFire    + . .     SeeInvis .   f - +4 dire flail (freeze)
rCold    . . .     Faith    .   (shield currently unavailable)
rNeg     . . .     Spirit   +   c - +1 scale mail {rF+}
rPois    +         Reflect  .   (no helmet)
rElec    .         Harm     .   (no cloak)
rCorr    .         Rampage  .   (no gloves)
MR       .....                  m - +0 pair of boots
Stlth    ++........             d - amulet of guardian spirit
HPRegen  0.23/turn              u - ring of poison resistance
MPRegen  0.16/turn              r - +6 ring of strength

@: no status effects
A: distributed training, fangs 1, strong nose
a: Depart the Abyss, Bend Space, Banish, Renounce Religion


You were on level 7 of the Dungeon.
You worshipped Lugonu.
Lugonu was most pleased with you.
You visited 2 branches of the dungeon, and saw 10 of its levels.
You visited the Abyss 1 time.

You collected 415 gold pieces.

Inventory:

Hand Weapons
 a - a +4 hand axe
 f - a +4 dire flail of freezing (weapon)
Missiles
 j - 3 poisoned darts (quivered)
Armour
 c - a +1 scale mail of fire resistance (worn)
 m - a +0 pair of boots (worn)
 w - a +0 kite shield
Jewellery
 d - an amulet of guardian spirit (around neck)
 p - an uncursed ring of protection from fire
 r - a +6 ring of strength (right hand)
 u - a ring of poison resistance (left hand)
Wands
 e - a wand of acid (1)
 g - a wand of digging (6)
 x - a wand of polymorph (9)
Scrolls
 l - a scroll of fear
 n - 3 scrolls of blinking
 o - 3 scrolls of magic mapping
 q - 2 scrolls of remove curse
 s - 2 scrolls of identify
 y - a scroll of brand weapon {unknown}
Potions
 b - 3 potions of ambrosia
 k - 4 potions of curing
 t - a potion of stabbing {unknown}
 v - a potion of invisibility {unknown}
 z - a potion of berserk rage {unknown}


   Skills:
 + Level 8.6 Fighting
 + Level 5.4 Short Blades
 + Level 5.4 Long Blades
 + Level 7.1 Axes
 + Level 5.4 Maces & Flails
 + Level 5.4 Polearms
 + Level 5.4 Staves
 + Level 5.4 Slings
 + Level 5.4 Bows
 + Level 5.4 Crossbows
 + Level 5.4 Throwing
 + Level 7.1 Armour
 + Level 6.0 Dodging
 + Level 5.4 Stealth
 + Level 5.4 Shields
 + Level 5.4 Unarmed Combat
 + Level 5.4 Spellcasting
 + Level 4.4 Conjurations
 + Level 4.4 Hexes
 + Level 4.4 Summonings
 + Level 4.4 Necromancy
 + Level 4.4 Translocations
 + Level 4.4 Transmutations
 + Level 4.4 Fire Magic
 + Level 4.4 Ice Magic
 + Level 4.4 Air Magic
 + Level 4.4 Earth Magic
 + Level 4.4 Poison Magic
 + Level 7.5 Invocations
 + Level 5.4 Evocations


You had 19 spell levels left.
You didn't know any spells.
Your spell library contained the following spells:

 Spells                   Type           Power        Failure   Level
 Animate Skeleton         Necr           ###...       6%          1
 Magic Dart               Conj           ###.         6%          1
 Pain                     Necr           ###.         6%          1
 Sting                    Tmut/Pois      ###.         6%          1
 Summon Small Mammal      Summ           ###.         6%          1
 Call Imp                 Summ           ###.....     10%         2
 Poisonous Vapours        Pois/Air       ###...       10%         2
 Searing Ray              Conj           ###...       10%         2
 Call Canine Familiar     Summ           ###.....     19%         3
 Dazzling Flash           Conj/Hex       ###...       19%         3
 Ignite Poison            Fire/Tmut/Pois ###.....     19%         3
 Mephitic Cloud           Conj/Pois/Air  ###.....     19%         3
 Summon Guardian Golem    Hex/Summ       ###.....     19%         3
 Vampiric Draining        Necr           ###.......   19%         3
 Animate Dead             Necr           ###.......   52%         4
 Fulminant Prism          Conj/Hex       ###.......   52%         4
 Iskenderun's Mystic Bla  Conj/Tloc      ###.....     52%         4
 Olgreb's Toxic Radiance  Pois           ###.....     52%         4
 Summon Ice Beast         Ice/Summ       ###.....     52%         4
 Summon Lightning Spire   Summ/Air       ###.....     52%         4
 Agony                    Necr           ###.....     86%         5


Dungeon Overview and Level Annotations

Branches:
Dungeon (9/15)             Temple (0/1) D:7            Lair (1/6) D:8
    Orc: D:9-12

Altars:
Cheibriados
Wu Jian

Shops:
D:4 (   D:6 =   D:7 }

Annotations:
D:3 3 runed translucent doors, rtg's ghost, amateur MiFi


Innate Abilities, Weirdness & Mutations

Your experience applies equally to all skills.
You have very sharp teeth.
Your uncanny sense of smell can sniff out nearby items.


Message History

The eight-headed hydra barely misses you.
The eight-headed hydra bites you.
* * * LOW HITPOINT WARNING * * *
The eight-headed hydra bites you.
* * * LOW HITPOINT WARNING * * *
The eight-headed hydra completely misses you.
The eight-headed hydra bites you but does no damage.
The eight-headed hydra bites you!
* * * LOW HITPOINT WARNING * * *
You start removing your amulet.
You continue taking off your amulet of guardian spirit.
The eight-headed hydra bites you but does no damage.
The eight-headed hydra bites you.
* * * LOW HITPOINT WARNING * * *
The eight-headed hydra bites you.
* * * LOW HITPOINT WARNING * * *
The eight-headed hydra bites you.
* * * LOW HITPOINT WARNING * * *
The eight-headed hydra bites you!
You die...

...........................####..
#.......<.............###....####
...............>......# #.....##.
.........#...........####.##..##.
#.#...#.##...........#.....#.....
###.#######..............#.......
##....####.............#.#####...
....#...#.........>.#..#####.....
...##...#.......@D......##.#.....
................................#
....####..................#...#.#
.....##.##.................#.....
...............##..........#.....
.....#.....##.##..#..#....#......
.....#.....#####..........#.....#
........#..######........##......
##.....###..#.#...)......#.......


You could see an eight-headed hydra (slow).

Vanquished Creatures
  A two-headed ogre (D:6)
  A cyclops (D:7)
  Maggie (D:8)
  A troll (D:8)
  Sigmund (D:2)
  A wraith (D:7)
  Menkaure (D:7)
  2 ice beasts
  An orc warrior (D:5)
  2 phantoms
  A black bear (D:5)
  A sky beast (D:6)
  5 wolves (D:8)
  A centaur (D:6)
  An ogre (D:5)
  Blork the orc (D:6)
  4 bullfrogs
  6 killer bees
  A scorpion (D:8)
  5 wights (D:6)
  An electric eel (D:8)
  4 hounds
  A bullfrog zombie (D:6)
  2 orc priests
  A centaur zombie (D:8)
  5 orc wizards
  2 bullfrog skeletons
  2 iguanas
  3 worker ants
  A hound zombie (D:5)
  11 adders
  5 gnolls
  3 shadow imps (D:8)
  A white imp (D:5)
  3 ufetubi
  A dart slug (D:5)
  5 leopard geckos
  27 orcs
  3 ball pythons
  5 bats
  6 giant cockroaches
  12 goblins
  3 hobgoblins (D:3)
  10 jackals
  8 kobolds
  A quokka (D:4)
  3 frilled lizards
  2 leopard gecko skeletons
  A quokka skeleton (D:4)
  A quokka zombie (D:9)
  6 rats
177 creatures vanquished.

Notes
Turn   | Place    | Note
-------+----------+-------------------------------------------
     0 | Abyss:1  | Gargoyl the Gnoll Abyssal Knight began the quest for the
                  | Orb.
     0 | Abyss:1  | Reached XP level 1. HP: 23/23 MP: 3/3
    23 | Abyss:1  | Found a corrupted altar of Lugonu.
    53 | Abyss:1  | Noticed a black bear
    58 | Abyss:1  | Noticed an orb spider
    58 | Abyss:1  | a black bear changed into an orb spider
    62 | Abyss:1  | Noticed a large abomination
    66 | D:1      | Escaped the Abyss
   376 | D:1      | Reached XP level 2. HP: 26/29 MP: 5/5
   429 | D:1      | Reached * piety under Lugonu
  1225 | D:2      | Reached XP level 3. HP: 35/35 MP: 6/6
  1374 | D:2      | Noticed Sigmund
  1387 | D:2      | Killed Sigmund
  1387 | D:2      | Reached skill level 1 in Short Blades
  1387 | D:2      | Reached skill level 1 in Long Blades
  1387 | D:2      | Reached skill level 1 in Maces & Flails
  1387 | D:2      | Reached skill level 1 in Polearms
  1387 | D:2      | Reached skill level 1 in Staves
  1387 | D:2      | Reached skill level 1 in Slings
  1387 | D:2      | Reached skill level 1 in Bows
  1387 | D:2      | Reached skill level 1 in Crossbows
  1387 | D:2      | Reached skill level 1 in Throwing
  1387 | D:2      | Reached skill level 1 in Stealth
  1387 | D:2      | Reached skill level 1 in Shields
  1387 | D:2      | Reached skill level 1 in Unarmed Combat
  1387 | D:2      | Reached skill level 1 in Spellcasting
  1387 | D:2      | Reached skill level 1 in Conjurations
  1387 | D:2      | Reached skill level 1 in Hexes
  1387 | D:2      | Reached skill level 1 in Summonings
  1387 | D:2      | Reached skill level 1 in Necromancy
  1387 | D:2      | Reached skill level 1 in Translocations
  1387 | D:2      | Reached skill level 1 in Transmutations
  1387 | D:2      | Reached skill level 1 in Fire Magic
  1387 | D:2      | Reached skill level 1 in Ice Magic
  1387 | D:2      | Reached skill level 1 in Air Magic
  1387 | D:2      | Reached skill level 1 in Earth Magic
  1387 | D:2      | Reached skill level 1 in Poison Magic
  1387 | D:2      | Reached skill level 1 in Evocations
  1387 | D:2      | Reached XP level 4. HP: 31/41 MP: 5/7
  1387 | D:2      | Reached XP level 5. HP: 35/47 MP: 5/8
  1508 | D:2      | Reached skill level 5 in Invocations
  1728 | D:3      | Reached XP level 6. HP: 50/53 MP: 9/9
  1865 | D:3      | Found a runed translucent gate.
  1865 | D:3      | Found a runed translucent gate.
  1865 | D:3      | Found a runed translucent gate.
  1870 | D:3      | Noticed rtg's ghost (amateur MiFi)
  2089 | D:3      | Reached ** piety under Lugonu
  2530 | D:3      | Reached skill level 5 in Axes
  2530 | D:3      | Reached skill level 5 in Armour
  3089 | D:4      | Reached *** piety under Lugonu
  3288 | D:4      | Found Jaanorol's Antique Weapon Shoppe.
  3665 | D:5      | Entered Level 5 of the Dungeon
  3807 | D:5      | Reached XP level 7. HP: 59/59 MP: 10/10
  3827 | D:4      | Reached skill level 7 in Fighting
  5284 | D:5      | Reached XP level 8. HP: 59/67 MP: 10/12
  5820 | D:6      | Found Reyxzian's Jewellery Emporium.
  5970 | D:6      | Found a snail-covered altar of Cheibriados.
  5970 | D:6      | Noticed a two-headed ogre
  6790 | D:6      | Killed a two-headed ogre
  6790 | D:6      | Reached skill level 5 in Dodging
  6790 | D:6      | Reached XP level 9. HP: 14/74 MP: 4/15
  7210 | D:6      | Reached **** piety under Lugonu
  7722 | D:6      | Noticed Blork the orc
  7738 | D:6      | Killed Blork the orc
  7941 | D:6      | Reached skill level 8 in Fighting
  7999 | D:6      | Found an ornate altar of the Wu Jian Council.
  8029 | D:6      | Got a polished leather armour
  8040 | D:6      | Identified the +3 leather armour of Wu Jian's Whim {-Tele
                  | rN+ Int+6} (You found it on level 6 of the Dungeon)
  8199 | D:7      | Noticed Menkaure
  8201 | D:7      | Found Lesmip's Gadget Shop.
  8204 | D:7      | Killed Menkaure
  8381 | D:7      | Found a staircase to the Ecumenical Temple.
  8523 | D:7      | Noticed a cyclops
  8536 | D:7      | Killed a cyclops
  8536 | D:7      | Reached XP level 10. HP: 34/80 MP: 6/17
  9142 | D:8      | Reached skill level 5 in Short Blades
  9142 | D:8      | Reached skill level 5 in Long Blades
  9142 | D:8      | Reached skill level 5 in Maces & Flails
  9142 | D:8      | Reached skill level 5 in Polearms
  9142 | D:8      | Reached skill level 5 in Staves
  9142 | D:8      | Reached skill level 5 in Slings
  9142 | D:8      | Reached skill level 5 in Bows
  9142 | D:8      | Reached skill level 5 in Crossbows
  9142 | D:8      | Reached skill level 5 in Throwing
  9142 | D:8      | Reached skill level 5 in Stealth
  9142 | D:8      | Reached skill level 5 in Shields
  9142 | D:8      | Reached skill level 5 in Unarmed Combat
  9142 | D:8      | Reached skill level 5 in Spellcasting
  9142 | D:8      | Reached skill level 5 in Evocations
  9946 | D:8      | Found a staircase to the Lair.
 10136 | D:8      | Noticed Maggie
 10150 | D:8      | Killed Maggie
 10785 | Lair:1   | Entered Level 1 of the Lair of Beasts
 10786 | Lair:1   | Noticed an eight-headed hydra
 10787 | Lair:1   | Noticed a cane toad
 11138 | D:7      | HP: 2/82 [eight-headed hydra (6)]
 11142 | D:7      | Slain by an eight-headed hydra

Illustrated notes

Levels and vault maps discovered:
D:1:      nicolae_arrival_somewhat_less_tricky_arrival, layout_basic
D:2:      layout_rooms, uniq_sigmund
D:3:      layout_basic, ebering_ghost_rock_garden, minmay_goblin_outpost
D:4:      layout_cave_pools, serial_shops, kennysheep_mini, kennysheep_boxes
D:5:      layout_loops_ring
D:6:      layout_loops_ring, marbit_many_paths, serial_shops,
          nicolae_shop_statue_plus, minmay_ruined_shrine, uniq_blork_the_orc
D:7:      minmay_chambers_of_sixes, layout_cave_pools,
          minmay_temple_entry_poolview, serial_shops, shop, uniq_menkaure
D:8:      layout_cave_pods, erik_lair_island, uniq_maggie
D:9:      layout_big_octagon, zin_purify, amethyst_overflow_temple_binary,
          minmay_orc_entry_temple_small
Lair:1:   layout_chaotic_city, nicolae_lair_grove_arrangements,
          serial_bayou_lake_a

Skill      XL: |  1  2  3  4  5  6  7  8  9 10 |
---------------+-------------------------------+-----
Short Blades   | 1 2 4 5 |  5.4
Long Blades    | 1 2 4 5 |  5.4
Maces & Flails | 1 2 4 5 |  5.4
Polearms       | 1 2 4 5 |  5.4
Staves         | 1 2 4 5 |  5.4
Slings         | 1 2 4 5 |  5.4
Bows           | 1 2 4 5 |  5.4
Crossbows      | 1 2 4 5 |  5.4
Throwing       | 1 2 4 5 |  5.4
Dodging        | 3 5 6 |  6.0
Stealth        | 1 2 4 5 |  5.4
Shields        | 1 2 4 5 |  5.4
Unarmed Combat | 1 2 4 5 |  5.4
Spellcasting   | 1 2 4 5 |  5.4
Conjurations   | 1 2 3 4 |  4.4
Hexes          | 1 2 3 4 |  4.4
Summonings     | 1 2 3 4 |  4.4
Necromancy     | 1 2 3 4 |  4.4
Translocations | 1 2 3 4 |  4.4
Transmutations | 1 2 3 4 |  4.4
Fire Magic     | 1 2 3 4 |  4.4
Ice Magic      | 1 2 3 4 |  4.4
Air Magic      | 1 2 3 4 |  4.4
Earth Magic    | 1 2 3 4 |  4.4
Poison Magic   | 1 2 3 4 |  4.4
Evocations     | 1 2 4 5 |  5.4
Invocations    | 5 6 7 |  7.5
Axes           | 5 6 7 |  7.1
Armour         | 5 6 7 |  7.1
Fighting       | 7 8 |  8.6

Action                   |  1- 3 |  4- 6 |  7- 9 | 10-12 || total
-------------------------+-------+-------+-------+-------++-------
Melee: Hand axe          |    84 |   161 |   230 |       ||   475
       Bite              |     7 |    11 |    29 |     5 ||    52
       Punch             |       |     2 |     3 |       ||     5
       Dire flail        |       |       |    47 |   113 ||   160
Throw: Dart              |     4 |     4 |    25 |     3 ||    36
Invok: Depart the Abyss  |     1 |       |       |       ||     1
       Bend Space        |       |       |     1 |     2 ||     3
       Banish            |       |       |       |     5 ||     5
Evoke: Wand              |       |     1 |     1 |       ||     2
  Use: Scroll            |     4 |     8 |     6 |     7 ||    25
       Potion            |       |       |     7 |     4 ||    11
 Stab: Sleeping          |       |     2 |     2 |     2 ||     6
Armor: Scale mail        |    54 |    81 |   114 |    71 ||   320
       Skin              |       |       |    26 |       ||    26
Dodge: Dodged            |    66 |   134 |   202 |   110 ||   512

Table legend: (Time is in decaauts)
 A = Elapsed time spent in this place.
 B = Non-inter-level travel time spent in this place.
 C = Inter-level travel time spent in this place.
 D = Time resting spent in this place.
 E = Time spent auto-exploring this place.
 F = Levels seen in this place.
 G = Mean time per level.
                   A        B        C        D        E       F      G
               +--------+--------+--------+--------+--------+-----+--------+
         Total |  11194 |  10854 |    340 |   3247 |   5621 |  11 | 1017.6 |
       Dungeon |  11117 |  10777 |    340 |   3247 |   5584 |   9 | 1235.2 |
          Lair |     10 |     10 |      0 |      0 |      0 |   1 |   10.0 |
         Abyss |     66 |     66 |      0 |      0 |     37 |   1 |   66.0 |
               +--------+--------+--------+--------+--------+-----+--------+

Top non-repeatable levels by time:
     D:5: 2108 daAuts
     D:8: 1991 daAuts
     D:6: 1755 daAuts
     D:4: 1439 daAuts
     D:3: 1132 daAuts
     D:1: 1120 daAuts
     D:7: 1050 daAuts
     D:2: 499 daAuts
 Abyss:1: 66 daAuts
     D:9: 20 daAuts
  Lair:1: 10 daAuts
